 Dungeon Crawl Stone Soup version 0.27-a0-1081-ge8a0a9c698 (webtiles) character file.

Game seed: 7067377603078398575

39 harryhousin the Magician (level 3, -6/28 HPs)
             Began as a Gnoll Wanderer on Apr 25, 2021.
             Was a Believer of Wu Jian.
             Mangled by a worm (9 damage)
             ... on level 2 of the Dungeon.
             The game lasted 00:09:54 (1802 turns).

harryhousin the Magician (Gnoll Wanderer)           Turns: 1802, Time: 00:09:55

Health: -6/28      AC:  3    Str: 11    XL:     3   Next: 45%
Magic:  5/9        EV: 12    Int: 12    God:    Wu Jian [**....]
Gold:   67         SH: 10    Dex: 17    Spells: 11/12 levels left

rFire    . . .     SeeInvis .   a - +0 dagger
rCold    . . .     Faith    .   c - +0 buckler
rNeg     . . .     Spirit   .   d - +0 robe
rPois    .         Reflect  +   (no helmet)
rElec    .         Harm     .   e - +0 cloak
rCorr    .         Rampage  .   (no gloves)
Will     .....                  (no boots)
Stlth    ++........             p - amulet of reflection
HPRegen  0.09/turn              f - +6 ring of dexterity
MPRegen  0.11/turn              (no ring)

@: no status effects
A: fangs 1, strong nose, distributed training
a: Renounce Religion, Wall Jump


You were on level 2 of the Dungeon.
You worshipped Wu Jian.
Wu Jian was pleased with you.
You visited 1 branch of the dungeon, and saw 4 of its levels.

You collected 67 gold pieces.

Inventory:

Hand Weapons
 a - a +0 dagger (weapon)
Armour
 c - a +0 buckler (worn)
 d - a +0 robe (worn)
 e - a +0 cloak (worn)
 j - a +0 kite shield
Jewellery
 f - a +6 ring of dexterity (left hand)
 p - an amulet of reflection (around neck)
Scrolls
 i - a scroll of teleportation {unknown}
 k - a scroll of enchant armour {unknown}
 m - a scroll of identify {unknown}
 n - a scroll of fear {unknown}
Potions
 b - a potion of lignification
 g - 2 potions of mutation {unknown}
 h - a potion of attraction {unknown}
 l - a potion of degeneration {unknown}
 o - a potion of might {unknown}


   Skills:
 + Level 2.6 Fighting
 + Level 0.8 Short Blades
 + Level 0.8 Long Blades
 + Level 0.8 Axes
 + Level 0.8 Maces & Flails
 + Level 0.8 Polearms
 + Level 0.8 Staves
 + Level 0.8 Slings
 + Level 0.8 Bows
 + Level 0.8 Crossbows
 + Level 0.8 Throwing
 + Level 0.8 Armour
 + Level 2.6 Dodging
 + Level 2.4 Stealth
 + Level 2.6 Shields
 + Level 2.6 Unarmed Combat
 + Level 5.0 Spellcasting
 + Level 2.1 Conjurations
 + Level 0.5 Hexes
 + Level 0.5 Summonings
 + Level 0.5 Necromancy
 + Level 0.5 Translocations
 + Level 0.5 Transmutations
 + Level 3.7 Fire Magic
 + Level 0.5 Ice Magic
 + Level 0.5 Air Magic
 + Level 0.5 Earth Magic
 + Level 0.5 Poison Magic
 + Level 1.0 Invocations
 + Level 0.8 Evocations


You had 11 spell levels left.
You knew the following spells:

 Your Spells              Type           Power      Damage    Failure   Level
a - Magic Dart            Conj           32%        1d4       10%         1

Your spell library contained the following spells:

 Spells                   Type           Power      Damage    Failure   Level
 Conjure Flame            Conj/Fire      10%        6-21      22%         3
 Blink                    Tloc           N/A        N/A       28%         2
 Call Imp                 Summ           4%         N/A       28%         2
 Slow                     Hex            4%         N/A       28%         2
 Mephitic Cloud           Conj/Pois/Air  5%         N/A       41%         3


Dungeon Overview and Level Annotations

Branches:
Dungeon (4/15)
 Temple: D:4-7

Altars:
Wu Jian


Innate Abilities, Weirdness & Mutations

You have very sharp teeth.
Your uncanny sense of smell can sniff out nearby items.
Your experience applies equally to all skills.


Message History

The worm is heavily wounded.
The worm barely misses you.
You hit the worm but do no damage.
The worm is heavily wounded.
The worm bites you.
You hit the worm but do no damage. Your bite misses the worm.
The worm is moderately wounded.
You hit the worm.
The worm is heavily wounded.
You block the worm's attack.
Your magical contamination has completely faded away.
You hit the worm but do no damage.
The worm is heavily wounded.
You hit the worm. Your bite misses the worm.
The worm is heavily wounded.
The worm bites you!
You hit the worm.
The worm is heavily wounded.
You hit the worm but do no damage.
The worm is heavily wounded.
The worm barely misses you.
You hit the worm but do no damage.
The worm is heavily wounded.
The worm bites you.
* * * LOW HITPOINT WARNING * * *
You hit the worm.
The worm is heavily wounded.
You hit the worm.
The worm is severely wounded.
The worm misses you.
You hit the worm.
The worm is severely wounded.
You hit the worm. You bite the worm, but do no damage.
The worm is severely wounded.
The worm bites you.
* * * LOW HITPOINT WARNING * * *
You completely miss the worm.
The worm is severely wounded.
The worm bites you!
You die...

#.#.######..#. ..
#...........#. #.
##............. #.
##........####..
#####. #.
#.........†.....
...... #.
#.........###.## #.
#........## #.#
##w##..####### #.#
#..@...# ####.##
#..##..#######....[.
#.. #.......<..##.##
.... #.###########.#
###.# #.# #.. .. ..#
#### ##. ### #.


You could see a worm.

Vanquished Creatures
  A dart slug (D:1)
  3 ball pythons
  2 endoplasms (D:1)
  4 giant cockroaches (D:1)
  2 goblins (D:1)
  6 hobgoblins
  A quokka (D:1)
  5 bats (D:1)
  2 frilled lizards (D:1)
  4 kobolds
  4 rats
34 creatures vanquished.

Notes
Turn   | Place    | Note
-------+----------+-------------------------------------------
     0 | D:1      | harryhousin the Gnoll Wanderer began the quest for the Orb.
     0 | D:1      | harryhousin set off with the following items: a +0 dagger,
                  | a potion of lignification, a +0 buckler, a +0 robe; and the
                  | following spell memorised: Magic Dart; and the following
                  | spells available to memorise: Conjure Flame, Blink, Call
                  | Imp, Slow, Mephitic Cloud
     0 | D:1      | Reached XP level 1. HP: 17/17 MP: 6/6
   135 | D:1      | Found a faded altar of an unknown god.
   140 | D:1      | Became a worshipper of the Wu Jian Council
   140 | D:1      | Reached * piety under Wu Jian
   245 | D:1      | Reached XP level 2. HP: 19/23 MP: 2/7
   716 | D:1      | Reached XP level 3. HP: 28/28 MP: 3/9
   772 | D:1      | Reached skill level 5 in Spellcasting
   917 | D:1      | Reached ** piety under Wu Jian
  1583 | D:2      | Reached skill level 1 in Invocations
  1586 | D:2      | You fall into a shaft and drop 2 floors!
  1802 | D:2      | Mangled by a worm

Illustrated notes

Levels and vault maps discovered:
D:1:      nzn_arrival_depleted_hourglass, layout_basic,
          chequers_ecumenical_altar_lobes
D:2:      layout_loops_ring, basic_altar
D:3:      layout_rooms, lemuel_tele_altar, grunt_ministairs_13,
          minmay_pentomino_pile, uniq_terence, uniq_crazy_yiuf_cottage,
          uniq_natasha
D:4:      layout_cave_pools, minmay_goblin_kobold_house

Skill      XL: |  1  2  3 |
---------------+----------+-----
Conjurations   | 2 |  2.1
Spellcasting   | 5 |  5.0
Invocations    | 1 |  1.0
Fighting       | |  2.6
Short Blades   | |  0.8
Long Blades    | |  0.8
Axes           | |  0.8
Maces & Flails | |  0.8
Polearms       | |  0.8
Staves         | |  0.8
Slings         | |  0.8
Bows           | |  0.8
Crossbows      | |  0.8
Throwing       | |  0.8
Armour         | |  0.8
Dodging        | |  2.6
Stealth        | |  2.4
Shields        | |  2.6
Unarmed Combat | |  2.6
Hexes          | |  0.5
Summonings     | |  0.5
Necromancy     | |  0.5
Translocations | |  0.5
Transmutations | |  0.5
Fire Magic     | |  3.7
Ice Magic      | |  0.5
Air Magic      | |  0.5
Earth Magic    | |  0.5
Poison Magic   | |  0.5
Evocations     | |  0.8

Action                   || total
-------------------------++-------
Melee: Dagger            ||   153
       Bite              ||    11
 Cast: Magic Dart        ||    52
Invok: Whirlwind         ||     9
       Lunge             ||     5
Armor: Robe              ||    31
Dodge: Dodged            ||    87
Block: Buckler           ||    36

Table legend: (Time is in decaauts)
 A = Elapsed time spent in this place.
 B = Non-inter-level travel time spent in this place.
 C = Inter-level travel time spent in this place.
 D = Time resting spent in this place.
 E = Time spent auto-exploring this place.
 F = Levels seen in this place.
 G = Mean time per level.
                   A        B        C        D        E       F      G
               +--------+--------+--------+--------+--------+-----+--------+
         Total |   1804 |   1739 |     65 |    496 |    230 |   4 |  451.0 |
       Dungeon |   1804 |   1739 |     65 |    496 |    230 |   4 |  451.0 |
               +--------+--------+--------+--------+--------+-----+--------+

Top non-repeatable levels by time:
     D:1: 1270 daAuts
     D:2: 442 daAuts
     D:4: 87 daAuts
     D:3: 3 daAuts
